 Dungeon Crawl Stone Soup version 0.31.0-32-g396128a36d (webtiles) character file.

Game seed: 12414422835919045122

17909 spaghetti the Fighter (level 12, -2/121 (129) HPs)
             Began as a Naga Chaos Knight on Mar 10, 2024.
             Was a Plaything of Xom.
             Slain by a sixfirhy (8 damage)
             ... in a Gauntlet.
             The game lasted 00:30:08 (16294 turns).

spaghetti the Fighter (Naga Chaos Knight)          Turns: 16294, Time: 00:30:09

HP:   -2/121 (129)  AC: 13    Str: 13      XL:     12   Next: 52%
MP:   19/19         EV: 13    Int: 22      God:    Xom [.....*]
Gold: 613           SH:  0    Dex: 13 (16) Spells: 4/21 levels left

rFire   . . .        a - +0 short sword (chaos)
rCold   . . .        (no shield)
rNeg    . . .        i - +0 ring mail "Vaifoph" {Dex+6}
rPois   +            (no helmet)
rElec   .            w - +1 cloak {Will+}
rCorr   .            D - +0 pair of gloves
SInv    +            (no barding)
Will    ++...        (no amulet)
Stlth   ++++         f - +4 ring of protection
HPRegen 0.40/turn    G - +5 ring of evasion
MPRegen 0.16/turn

%: no teleportation
@: drained, very slow
A: AC +4, large, see invisible, deformed body, poison resistance, slowness 2,
spit poison 1, naga tail 1, clever 1, screaming 1, wild magic 1
a: Spit Poison, Renounce Religion


You were in a Gauntlet.
You worshipped Xom.
You were Xom's teddy bear.
You visited 2 branches of the dungeon, and saw 13 of its levels.
You also visited: Gauntlet.

You collected 773 gold pieces.
You spent 160 gold pieces at shops.

Inventory:

Hand Weapons
 a - a +0 short sword of chaos (weapon)
 d - a +3 longbow of flaming
 q - a +1 halberd of flaming
Missiles
 n - a throwing net
Armour
 b - a +3 leather armour
 i - the +0 ring mail "Vaifoph" (worn) {Dex+6}
   (You found it on level 2 of the Dungeon)

   Dex+6:     It affects your dexterity (+6).
 r - +0 steam dragon scales
 w - a +1 cloak of willpower (worn)
 D - a +0 pair of gloves (worn)
Jewellery
 e - a ring of willpower
 f - a +4 ring of protection (left hand)
 j - a ring of protection from fire
 v - a ring of flight
 G - a +5 ring of evasion (right hand)
Wands
 k - a wand of iceblast (11)
 s - a wand of paralysis (3)
 u - a wand of mindburst (13)
 E - a wand of quicksilver (5)
 F - a wand of polymorph (7)
 L - a wand of digging (8)
Scrolls
 c - a scroll of fog
 g - 4 scrolls of teleportation
 l - 5 scrolls of poison
 o - a scroll of torment
 t - 3 scrolls of noise
 y - a scroll of silence
 z - 2 scrolls of revelation
 A - 3 scrolls of identify
 K - a scroll of amnesia
Potions
 h - 2 potions of attraction
 m - a potion of mutation
 p - 5 potions of degeneration
 x - 2 potions of magic
 C - a potion of might
 H - 3 potions of brilliance
 I - 3 potions of curing
 J - a potion of enlightenment
 M - a potion of cancellation


   Skills:
 - Level 14.6 Fighting
 - Level 3.0 Short Blades
 - Level 1.5 Armour
 - Level 0.7 Dodging
 - Level 10.0 Stealth
 - Level 5.0 Spellcasting
 - Level 6.5 Summonings
 - Level 4.0 Necromancy
 + Level 8.3 Evocations


You had 4 spell levels left.
You knew the following spells:

 Your Spells              Type           Power      Damage    Failure   Level
a - Call Canine Familiar  Summ           44%        N/A       7%          3
b - Martyr's Knell        Necr/Summ      37%        N/A       32%         4
c - Death Channel         Necr           15%        N/A       100%        6
d - Dispel Undead         Necr           30%        3d14      47%         4

Your spell library contained the following spells:

 Spells                   Type           Power      Damage    Failure   Level
 Summon Small Mammal      Summ           100%       N/A       3%          1
 Necrotise                Necr           100%       1d9       7%          1
 Vampiric Draining        Necr           30%        2d8       17%         3
 Cigotuvi's Dreadful Rot  Necr/Alch/Air  28%        N/A       26%         2
 Apportation              Tloc           14%        N/A       30%         1
 Freeze                   Ice            28%        1d5       30%         1
 Sting                    Conj/Alch      28%        1d4       30%         1
 Jinxbite                 Hex            14%        N/A       41%         2
 Frozen Ramparts          Ice            14%        1d3       63%         3
 Hailstorm                Conj/Ice       7%         3d5       63%         3
 Sigil of Binding         Hex            7%         N/A       63%         3
 Dimensional Bullseye     Hex/Tloc       3%         N/A       95%         4
 Ignite Poison            Fire/Alch      7%         N/A       95%         4
 Vhi's Electric Charge    Tloc/Air       14%        N/A       95%         4
 Curse of Agony           Necr           30%        N/A       82%         5
 Arcjolt                  Conj/Air       3%         1d13      100%        5
 Freezing Cloud           Conj/Ice/Air   3%         6-21      100%        5
 Yara's Violent Unravell  Hex/Alch       3%         3d4       100%        5
 Enfeeble                 Hex            3%         N/A       100%        7
 Maxwell's Capacitive Co  Air            3%         ∞         100%        8


Dungeon Overview and Level Annotations

Branches:
Dungeon (11/15)            Temple (0/1) D:6            Lair (2/5) D:11
    Orc (0/2) D:10        Gauntlet (1/1)
  Swamp: Lair:2-3    Shoals: Lair:2-3     Snake: Lair:2-3    Spider: Lair:2-3

Altars:
Cheibriados
Hepliaklqana
Kikubaaqudgha
Qazlal
Ru
Trog
Uskayaw
Wu Jian
Xom
Yredelemnul
Zin

Shops:
D:3 !   D:4 *   D:5 !

Annotations:
Gauntlet 4 transporters, exclusion: ice statue


Innate Abilities, Weirdness & Mutations

Your serpentine skin is tough. (AC +4)
You have supernaturally acute eyesight. (SInv)
Armour fits poorly on your strangely shaped body.
Your system is resistant to poisons. (rPois)
You cover ground very slowly.
You can spit poison.
You have a snake-like lower body.
Your mind is acute. (Int +4, Str/Dex -1)
You occasionally shout uncontrollably at your foes.
Your spells are a little harder to cast, but a little more powerful.


Message History

The sixfirhy barely misses you.
You struggle against the net.
The sixfirhy hits you! The sixfirhy shocks you! The sixfirhy hits you.
The sixfirhy shocks you! The sixfirhy hits you! The sixfirhy shocks you!
The ufetubus hits you but does no damage.
The ufetubus closely misses you. The sixfirhy hits you!
The sixfirhy shocks you! The ufetubus hits you. The ufetubus barely misses you.
You struggle against the net.
The sixfirhy hits you but does no damage. x2
The sixfirhy barely misses you. The ufetubus closely misses you.
The ufetubus barely misses you.
You rip the net and break free!
The ufetubus barely misses you. x2
The ufetubus closely misses you.
The ufetubus hits you but does no damage.
The ufetubus hits you. The ufetubus barely misses you. The sixfirhy misses you.
The sixfirhy barely misses you.
The sixfirhy hits you but does no damage.
The ufetubus misses you. The ufetubus hits you.
The sixfirhy hits you but does no damage.
The ufetubus hits you but does no damage. x2
The ufetubus hits you but does no damage. x2
You see here an amulet of the acrobat.
You feel better. The ufetubus slips past you!
The ufetubus closely misses you. x4
The sixfirhy hits you but does no damage.
The sixfirhy completely misses you. The sixfirhy hits you.
The sixfirhy shocks you! The sixfirhy hits you!
* * * LOW HITPOINT WARNING * * *
The sixfirhy shocks you!
* * * LOW HITPOINT WARNING * * *
The ufetubus barely misses you. The ufetubus closely misses you.
The sixfirhy hits you.
* * * LOW HITPOINT WARNING * * *
The sixfirhy shocks you!
* * * LOW HITPOINT WARNING * * *
There is a transporter here.
You enter the transporter and appear at another place.
Your familiar recovers from its injuries.
The sixfirhy hits you!
You die...
Xom roars with laughter!

x#####^.#^#^#..#...##.####..##..#
X#...#.#.#.#5#^#...#bh#b.#=###..#
.#.8.#^.!.§"5.^#...#h.b(©:#.##..#
##...###########...###########..#
.................§.§............#
................≈§≈§...........≈#
#################################
#8# #8##§.....53........≈# 8# ###
####8.8.8..@.©..8.8.8# #
#≈...............≈#
###.#.#######.#.### #.#.. ..#.#


You could see a hell hog, a sixfirhy, a hell hound (wandering), 3 fire bats and
3 ufetubi.

Vanquished Creatures
  A tengu warrior (Gauntlet)
  A two-headed ogre (D:9)
  A manticore (D:11)
  Maggie (D:6)
  A gargoyle (D:10)
  An unseen horror (D:11)
  3 komodo dragons
  2 rime drakes
  A troll (shapeshifter) (D:9)
  3 trolls
  A blink frog (Lair:2)
  A spriggan (D:5)
  Sigmund (D:5)
  4 wyverns
  A shadow (D:8)
  25 yaks
  A basilisk (D:11)
  3 steam dragons
  3 vampire mosquitoes
  2 acid dragons
  3 water moccasins
  4 orc warriors (D:10)
  A swamp drake (D:11)
  An ogre (D:5)
  2 ice beasts
  A black bear (D:5)
  4 centaurs
  4 phantoms
  3 kobold brigands
  2 bullfrogs
  2 gnoll sergeants (D:9)
  2 scorpions (D:6)
  7 wights
  4 killer bees (D:8)
  5 howler monkeys
  4 lava snakes (D:10)
  A bombardier beetle (D:5)
  5 gnoll boudas
  4 hounds
  6 orc priests
  A jelly (D:5)
  4 iguanas
  A sleepcap (D:4)
  4 orc wizards
  Natasha (thrice) (D:3)
  A human simulacrum (D:9)
  15 adders
  20 gnolls
  4 white imps
  2 ufetubi (D:6)
  5 dart slugs
  4 ribbon worms
  20 orcs
  12 endoplasms
  A giant cockroach (D:2)
  9 goblins
  10 hobgoblins
  2 jackals (D:2)
  4 quokkas
  4 ball pythons
  10 bats
  6 frilled lizards
  14 kobolds
  A rat (shapeshifter) (D:10)
  4 rats
283 creatures vanquished.

Vanquished Creatures (collateral kills)
  A gargoyle (D:10)
  A rime drake (Gauntlet)
  A wyvern (D:11)
  13 yaks
  2 water moccasins (Lair:1)
  An orc warrior (D:6)
  A phantom (D:3)
  A wight (D:10)
  A lava snake (D:10)
  An iguana (D:6)
  A jelly (D:5)
  2 orc wizards
  2 gnolls (D:9)
  3 kobolds (D:11)
31 creatures vanquished.

Vanquished Creatures (others)
  A human simulacrum (D:9)
  4 gnolls
5 creatures vanquished.

Grand Total: 319 creatures vanquished

Notes
Turn   | Place    | Note
-------+----------+-------------------------------------------
     0 | D:1      | spaghetti the Naga Chaos Knight began the quest for the
                  | Orb.
     0 | D:1      | Reached XP level 1. HP: 21/21 MP: 1/1
    13 | D:1      | You fall into a shaft and drop 1 floor!
   103 | D:2      | Reached skill level 1 in Stealth
   135 | D:2      | XOM: silly message
   170 | D:2      | XOM: blink monster(s)
   174 | D:2      | XOM: confuse monster(s)
   190 | D:2      | Reached skill level 1 in Spellcasting
   190 | D:2      | Reached XP level 2. HP: 14/28 MP: 1/3
   490 | D:1      | Reached XP level 3. HP: 34/34 MP: 5/5
   504 | D:1      | Learned a level 3 spell: Call Canine Familiar
   550 | D:1      | XOM: silly message
   889 | D:1      | XOM: god gift: book of Frost
   935 | D:1      | XOM: god gift: longbow {god gift}
  1131 | D:2      | Identified the +0 ring mail "Vaifoph" {Dex+6}
  1187 | D:2      | Reached skill level 1 in Summonings
  1187 | D:2      | Reached XP level 4. HP: 42/42 MP: 6/6
  1916 | D:3      | XOM: give mutations
  1916 | D:3      | Gained mutation: Your flesh is cold resistant. (rC+) [Xom's
                  | grace]
  1916 | D:3      | Gained mutation: Your mind is acute. (Int +4, Str/Dex -1)
                  | [Xom's grace]
  2139 | D:3      | XOM: scenery: 1 doors open
  2155 | D:3      | Noticed a phantom
  2156 | D:3      | XOM: cast spell 'Summon Horrible Things'
  2158 | D:3      | Killed a phantom
  2159 | D:3      | Reached skill level 5 in Stealth
  2159 | D:3      | Reached XP level 5. HP: 49/49 MP: 7/9
  2296 | D:3      | Noticed Natasha
  2298 | D:3      | Killed Natasha
  2348 | D:3      | Found Liox's Distillery.
  2356 | D:3      | Bought a potion of mutation for 112 gold pieces
  2461 | D:3      | Noticed Natasha
  2464 | D:3      | Killed Natasha
  2465 | D:3      | Reached XP level 6. HP: 51/56 MP: 10/10
  2492 | D:3      | Noticed Natasha
  2497 | D:3      | Killed Natasha
  2915 | D:4      | XOM: cast spell 'Disjunction'
  2925 | D:4      | XOM: 1-stop teleportation journey
  3010 | D:4      | XOM: divination: detect items
  3069 | D:4      | Found Ukhledill's Mayhem Merchandise.
  3194 | D:4      | XOM: 5-stop teleportation journey
  3357 | D:4      | XOM: enchant monster (good)
  3360 | D:4      | XOM: polymorph scorpion -> goblin
  3438 | D:4      | XOM: god gift: 19 gold pieces
  3440 | D:4      | XOM: give mutations
  3440 | D:4      | Gained mutation: Your flesh is heat resistant. (rF+) [Xom's
                  | grace]
  3440 | D:4      | Gained mutation: You can exhale a cloud of poison. [Xom's
                  | grace]
  3440 | D:4      | Gained mutation: Your tail ends in a venomous barb. [Xom's
                  | grace]
  3657 | D:5      | Entered Level 5 of the Dungeon
  3695 | D:5      | XOM: 2-stop teleportation journey
  3698 | D:5      | Reached XP level 7. HP: 62/62 MP: 12/12
  3738 | D:5      | XOM is BORED!
  3738 | D:5      | XOM: silly message
  3967 | D:5      | Found Gekih's Distillery.
  3988 | D:5      | Bought a potion of lignification for 36 gold pieces
  3988 | D:5      | Bought a potion of degeneration for 12 gold pieces
  4001 | D:5      | XOM: cloud trail
  4058 | D:5      | XOM: noise
  4090 | D:5      | Noticed Edmund
  4091 | D:5      | Edmund changed into Edmund the spriggan
  4091 | D:5      | Noticed Edmund
  4091 | D:5      | XOM: polymorph Edmund -> Edmund the spriggan
  4094 | D:5      | Killed Edmund the spriggan
  4102 | D:5      | Noticed Sigmund
  4107 | D:5      | Killed Sigmund
  4108 | D:5      | Reached XP level 8. HP: 53/69 MP: 13/15
  4154 | D:5      | XOM: blink monster(s)
  4550 | D:5      | Reached skill level 5 in Summonings
  4579 | D:5      | Found a hide-covered altar of Uskayaw.
  4679 | D:5      | Reached skill level 5 in Spellcasting
  4867 | D:5      | XOM: silly message
  4984 | D:5      | Reached skill level 10 in Stealth
  5021 | D:5      | XOM: divination: detect items
  5070 | D:6      | Reached skill level 4 in Fighting
  5239 | D:6      | XOM: silly message
  5256 | D:6      | Reached skill level 5 in Fighting
  5278 | D:6      | XOM is BORED!
  5278 | D:6      | XOM: noise
  5336 | D:6      | XOM: divination: detect items
  5423 | D:6      | Reached XP level 9. HP: 81/81 MP: 16/16
  5466 | D:6      | XOM: silly message
  5507 | D:6      | Found a staircase to the Ecumenical Temple.
  5528 | D:6      | Reached skill level 6 in Fighting
  5595 | D:6      | XOM: noise
  5599 | D:6      | Found a basalt altar of Yredelemnul.
  5600 | D:6      | Found an ancient bone altar of Kikubaaqudgha.
  5600 | D:6      | Found an ornate altar of the Wu Jian Council.
  5600 | D:6      | Found a sacrificial altar of Ru.
  5604 | D:6      | Found a stormy altar of Qazlal.
  5606 | D:6      | Found a snail-covered altar of Cheibriados.
  5607 | D:6      | Found a bloodstained altar of Trog.
  5611 | D:6      | XOM: silly message
  5640 | D:6      | XOM: 1-stop teleportation journey
  5733 | D:6      | XOM: noise
  5743 | D:6      | HP: 2/82 [orc warrior/arrow (9)]
  5808 | D:6      | XOM: 3-stop teleportation journey
  6017 | D:6      | Noticed Maggie
  6043 | D:6      | Killed Maggie
  6044 | D:6      | Reached skill level 7 in Fighting
  6415 | D:6      | XOM: god gift: 39 gold pieces
  6553 | D:6      | XOM: silly message
  6713 | D:7      | Reached skill level 8 in Fighting
  7069 | D:7      | Found a hazy altar of Hepliaklqana.
  7079 | D:7      | Reached skill level 9 in Fighting
  7126 | D:7      | XOM: confuse monster(s)
  7268 | D:7      | XOM: enchant monster (bad)
  7269 | D:7      | XOM: butterfly on damage
  7708 | D:8      | Reached skill level 10 in Fighting
  7708 | D:8      | Reached XP level 10. HP: 97/102 MP: 17/17
  7883 | D:8      | Reached skill level 1 in Evocations
  7989 | D:8      | XOM: 3-stop teleportation journey
  8171 | D:8      | XOM: give mutation
  8171 | D:8      | Gained mutation: Your mind is very acute. (Int +8, Str/Dex
                  | -2) [Xom's grace]
  8473 | D:9      | XOM: cleaving
  8524 | D:9      | XOM: destruction
  8558 | D:9      | XOM: confusion (+ monsters)
  8566 | D:8      | XOM: enchant monster (bad)
  8570 | D:8      | Reached skill level 5 in Evocations
  8695 | D:8      | XOM: enchant monster (good)
  8906 | D:8      | XOM: swap monsters
  8990 | D:8      | XOM: god gift: 8 gold pieces
  9112 | D:8      | XOM: torment (49/102 hp)
  9260 | D:9      | XOM: enchant monster (good)
  9269 | D:8      | HP: 2/102 [yak (12)]
  9274 | D:8      | HP: 3/102 [gnoll bouda/+0 whip (1)]
  9281 | D:7      | HP: 4/153 [gnoll bouda/+0 whip (4)]
  9398 | D:7      | XOM: give mutations
  9398 | D:7      | Lost mutation: You can exhale a cloud of poison. [Xom's
                  | mischief]
  9398 | D:7      | Gained mutation: You can exhale a cloud of poison. [Xom's
                  | mischief]
  9398 | D:7      | Gained mutation: You occasionally shout uncontrollably at
                  | your foes. [Xom's mischief]
  9769 | D:8      | XOM: give mutations
  9769 | D:8      | Lost mutation: Your flesh is heat resistant. (rF+) [Xom's
                  | mischief]
  9769 | D:8      | Lost mutation: Your flesh is cold resistant. (rC+) [Xom's
                  | mischief]
  9769 | D:8      | Gained mutation: Your spells are a little harder to cast,
                  | but a little more powerful. [Xom's mischief]
 10067 | D:9      | XOM: noise
 10193 | D:9      | Reached XP level 11. HP: 104/110 MP: 15/18
 10308 | D:9      | Reached skill level 11 in Fighting
 10349 | D:9      | Noticed a two-headed ogre
 10355 | D:9      | XOM: smoke on damage
 10358 | D:9      | HP: 3/111 [two-headed ogre/+0 giant spiked club (8)]
 10359 | D:9      | Killed a two-headed ogre
 10629 | D:9      | XOM: 2-stop teleportation journey
 10892 | D:9      | XOM: confusion (+ monsters)
 10897 | D:9      | XOM: cast spell 'Fugue of the Fallen'
 10900 | D:9      | XOM: divination: detect items
 10909 | D:9      | Reached skill level 12 in Fighting
 10920 | D:10     | Entered Level 10 of the Dungeon
 11074 | D:10     | XOM: summons friendly shadow imp
 11302 | D:10     | a yak changed into a glowing shapeshifter
 11302 | D:10     | Noticed a glowing shapeshifter (glowing shapeshifter)
 11302 | D:10     | XOM: polymorph yak -> glowing shapeshifter
 11302 | D:10     | a glowing shapeshifter changed into a naga
 11311 | D:10     | a boggart changed into a salamander
 11311 | D:10     | Noticed a salamander (glowing shapeshifter)
 11314 | D:10     | XOM: summons 11 friendly demons
 11314 | D:10     | a salamander changed into a raiju
 11547 | D:10     | XOM: noise
 11710 | D:10     | Reached skill level 13 in Fighting
 11730 | D:10     | Found a staircase to the Orcish Mines.
 11867 | D:10     | XOM: god gift: scroll of fear
 12055 | D:10     | XOM: enchant monster (good)
 12181 | D:10     | XOM: smoke on damage
 12185 | D:10     | Found a glowing silver altar of Zin.
 12789 | D:9      | XOM: scenery: create altars
 12895 | D:9      | XOM: god gift: potion of might
 13011 | D:10     | XOM: scenery: create altars
 13052 | D:7      | XOM: cloud trail
 13289 | D:9      | XOM: scenery: create altars
 13347 | D:11     | XOM: summons 5 friendly demons
 13370 | D:11     | XOM: summons 11 friendly demons
 13383 | D:11     | Noticed a manticore
 13396 | D:11     | Killed a manticore
 13435 | D:11     | Reached skill level 14 in Fighting
 13695 | D:11     | Learned a level 4 spell: Martyr's Knell
 13702 | D:11     | Learned a level 6 spell: Death Channel
 13717 | D:11     | XOM: 3-stop teleportation journey
 13873 | D:11     | XOM: enchant monster (bad)
 13879 | D:11     | Reached skill level 1 in Necromancy
 13879 | D:11     | Reached XP level 12. HP: 83/128 MP: 19/19
 13881 | D:11     | XOM: confusion (+ monsters)
 14057 | D:11     | XOM: divination: detect items
 14264 | D:11     | XOM: god gift: potion of degeneration
 14363 | D:11     | XOM: god gift: wand of quicksilver (5)
 14755 | D:11     | Found a staircase to the Lair.
 14981 | D:11     | XOM: scenery: 2 doors open
 15162 | Lair:1   | Entered Level 1 of the Lair of Beasts
 15216 | Lair:1   | Learned a level 4 spell: Dispel Undead
 15217 | Lair:1   | XOM: noise
 15419 | Lair:1   | XOM: noise
 15643 | Lair:1   | XOM: smoke on damage
 15717 | Lair:1   | XOM: polymorph inugami -> bat
 15721 | Lair:1   | XOM: summons 5 hostile demons
 15850 | Lair:2   | Found a gate leading to a gauntlet.
 15862 | Gauntlet | Entered a Gauntlet
 15862 | Gauntlet | Found the amulet of the Air {Inacc Air Fly rElec RMsl}
 15862 | Gauntlet | Found a transporter.
 15862 | Gauntlet | Found a transporter.
 15864 | Gauntlet | Noticed a catoblepas
 15871 | Gauntlet | Found a transporter.
 15871 | Gauntlet | Found a transporter.
 15878 | Gauntlet | Noticed a hell hog
 15881 | Gauntlet | Found a transporter.
 15890 | Gauntlet | Found a transporter.
 15909 | Gauntlet | Identified the +3 battleaxe of Riding Destruction {flame,
                  | +Blink Str-2 Int+2}
 15909 | Gauntlet | Noticed a minotaur
 15914 | Gauntlet | Found a transporter.
 15922 | Gauntlet | Found a transporter.
 15941 | Gauntlet | Found a transporter.
 15945 | Gauntlet | Noticed a tengu warrior
 15947 | Gauntlet | Found a transporter.
 15965 | Gauntlet | XOM: give mutations
 15965 | Gauntlet | Lost mutation: You can exhale a cloud of poison. [Xom's
                  | mischief]
 15965 | Gauntlet | Gained mutation: You are covered in fur. (AC +1) [Xom's
                  | mischief]
 15965 | Gauntlet | Lost mutation: You are covered in fur. (AC +1) [Xom's
                  | mischief]
 15965 | Gauntlet | Lost mutation: Your mind is very acute. (Int +8, Str/Dex
                  | -2) [Xom's mischief]
 15966 | Gauntlet | Found a transporter.
 15989 | Gauntlet | Found a transporter.
 16011 | Gauntlet | XOM: summons 4 hostile demons
 16118 | Gauntlet | XOM: give mutation
 16118 | Gauntlet | Lost mutation: Your tail ends in a venomous barb. [Xom's
                  | mischief]
 16122 | Gauntlet | Killed a tengu warrior
 16293 | Gauntlet | HP: 5/121 [sixfirhy (10)]
 16294 | Gauntlet | Slain by a sixfirhy

Illustrated notes

Levels and vault maps discovered:
D:1:      dpeg_arrival_more_subterranean_lakeside_camping, layout_rooms
D:2:      minmay_razor_zed, layout_loops_ring, minmay_hexomino_f4
D:3:      layout_loops_corners, serial_shops, shop, kennysheep_generic_room_8,
          uniq_natasha
D:4:      layout_gridville, serial_bayou, serial_bayou_crossing,
          serial_bayou_lagoon_b, serial_bayou_lagoon_a, serial_bayou_pond_e,
          serial_bayou_ford_a, serial_bayou_shore_b, minmay_shop_mayhem
D:5:      layout_basic, nicolae_uskayaw_suspiria, serial_shops, shop_coins,
          st_stairs_11, sigmund_edmund_badplayer
D:6:      layout_basic, minitemple, temple_fountains, nicolae_half_adder,
          uniq_maggie
D:7:      layout_rooms, lemuel_tele_altar
D:8:      layout_rooms
D:9:      minmay_distorted_concentric_squares, layout_rooms, bh_circular_ruins
D:10:     layout_stronghold, mainiacjoe_overflow_tiny_flanked, david_orc_3,
          chequers_garden, kennysheep_boxes
D:11:     layout_basic, erik_lair_dragon, minmay_door_square
Lair:1:   layout_roguey, beast_lair_carwin_3
Lair:2:   layout_gridlike, gauntlet_entry_generic, minmay_lindwurm_lava,
          uniq_fannar
Gauntlet: gammafunk_gauntlet_shortcut [gammafunk_gauntlet_arena_chambers,
          gammafunk_gauntlet_arena_mazey, gammafunk_gauntlet_arena_spirals,
          gammafunk_gauntlet_arena_arrow_garden,
          gammafunk_gauntlet_arena_corners, gammafunk_gauntlet_arena_grid,
          nicolae_gauntlet_exit_dead_adventurers]

Skill      XL: |  1  2  3  4  5  6  7  8  9 10 11 12 |
---------------+-------------------------------------+-----
Stealth        | 2 3 5 6 8 10 | 10.0
Spellcasting   | 1 2 3 4 5 |  5.0
Summonings     | 1 2 3 4 5 6 |  6.5
Fighting       | 5 10 14 | 14.6
Evocations     | 8 |  8.3
Necromancy     | 1 4 |  4.0
Short Blades   | |  3.0
Armour         | |  1.5
Dodging        | |  0.7

Action                     |  1- 3 |  4- 6 |  7- 9 | 10-12 || total
---------------------------+-------+-------+-------+-------++-------
  Melee: Short sword       |    92 |       |       |    34 ||   126
         Punch             |     1 |       |       |       ||     1
         Longbow           |       |       |       |     1 ||     1
   Fire: Longbow           |     3 |   162 |   214 |   326 ||   705
   Cast: Call Canine Famil |       |       |     5 |    32 ||    37
Ability: Spit Poison       |     8 |       |       |       ||     8
         Breathe Poison Ga |       |     1 |    28 |    49 ||    78
  Evoke: Wand              |       |       |     7 |     1 ||     8
    Use: Scroll            |     5 |     7 |     6 |    10 ||    28
         Potion            |       |     3 |     7 |    14 ||    24
   Stab: Sleeping          |     8 |       |       |       ||     8
         Confused          |       |       |       |     3 ||     3
         Paralysed         |       |       |       |     1 ||     1
 Armour: Leather armour    |    67 |       |       |       ||    67
         Ring mail         |       |    74 |   232 |   539 ||   845
         Skin              |       |       |       |     5 ||     5
  Dodge: Dodged            |    58 |    48 |   101 |   263 ||   470
